 Dungeon Crawl Stone Soup version 0.30-a0-802-gb92711bcdf (webtiles) character file.

Game seed: 4690619232555802935

7249 Newt the Cleaver (level 10, -6/72 HPs)
             Began as a Demonspawn Gladiator on Feb 23, 2023.
             Was an Elder of Okawaru.
             Killed by divine providence
             ... invoked by a meliai
              (11 damage)
             ... on level 9 of the Dungeon.
             The game lasted 00:09:33 (8998 turns).

Newt the Cleaver (Demonspawn Gladiator)             Turns: 8998, Time: 00:09:33

Health: -6/72      AC:  6    Str: 24    XL:     10   Next: 88%
Magic:  0/29       EV: 14    Int: 13    God:    Okawaru [****..]
Gold:   623        SH:  0    Dex: 20    Spells: 9/9 levels left

rFire   + . .      SeeInvis .    A - +4 battleaxe
rCold   . . .      Faith    .    (shield currently unavailable)
rNeg    . . .      Spirit   +    F - +0 leather armour of Peek-a-Boo {MP+9 Str+5}
rPois   .          Reflect  .    c - +0 helmet
rElec   .          Harm     .    p - +1 cloak
rCorr   .          Rampage  .    (no gloves)
Will    .....                    (no boots)
Stlth   +++                      (no amulet)
HPRegen 0.32/turn                i - +6 ring of dexterity
MPRegen 0.42/turn                g - ring of Geputifi {rF+ MP+9 Int+3 Stlth+}

@: no status effects
A: hooves 1, ignite blood 2, magic shield, magic regeneration, magic link, frail
1, high MP 1
a: Renounce Religion, Heroism, Finesse


You were on level 9 of the Dungeon.
You worshipped Okawaru.
Okawaru was greatly pleased with you.
You visited 2 branches of the dungeon, and saw 11 of its levels.

You collected 647 gold pieces.
You spent 24 gold pieces at shops.

Inventory:

Hand Weapons
 a - a +1 rapier of protection
 q - a +0 dagger
 A - a +4 battleaxe (weapon)
 D - a +2 whip of freezing
Missiles
 d - a throwing net (quivered)
 y - 3 boomerangs
 E - 27 poisoned darts
 M - a curare-tipped dart
Armour
 b - a +0 leather armour
 c - a +0 helmet (worn)
 n - an orb of guile
 p - a +1 cloak (worn)
 F - the +0 leather armour of Peek-a-Boo (worn) {MP+9 Str+5}
   (You found it on level 6 of the Dungeon)

   Str:       It affects your strength (+5).
   MP:        It affects your magic capacity (+9).
 K - a +3 plate armour of willpower
Jewellery
 g - the ring of Geputifi (right hand) {rF+ MP+9 Int+3 Stlth+}
   (You found it on level 4 of the Dungeon)

   [ring of magical power]

   Int:       It affects your intelligence (+3).
   rF:        It protects you from fire.
   MP:        It affects your magic capacity (+9).
   Stlth:     It makes you more stealthy.
 i - a +6 ring of dexterity (left hand)
 j - a ring of flight
 C - a ring of fire
 H - a ring of protection from cold
 J - a ring of willpower
 N - a ring of resist corrosion
Wands
 e - a wand of flame (9)
 r - a wand of roots (4)
 I - a wand of charming (12)
Scrolls
 k - 2 scrolls of magic mapping
 s - 4 scrolls of poison
 t - 2 scrolls of blinking
 v - a scroll of silence
 z - a scroll of teleportation
 B - a scroll of fear
Potions
 f - 5 potions of curing
 h - a potion of degeneration
 l - 2 potions of resistance
 m - 2 potions of lignification
 o - 2 potions of brilliance
 u - a potion of cancellation
 w - a potion of attraction
 x - 4 potions of might
 G - a potion of mutation
 L - a potion of haste


   Skills:
 - Level 8.0 Fighting
 - Level 4.0 Short Blades
 - Level 9.8(10.0) Axes
 - Level 2.7(6.7) Maces & Flails
 + Level 5.3 Throwing
 - Level 2.0 Armour
 - Level 4.0 Dodging
 - Level 1.5 Stealth
 - Level 6.0 Evocations


You had 9 spell levels left.
You didn't know any spells.
Your spell library contained the following spells:

 Spells                   Type           Power      Damage    Failure   Level
 Magic Dart               Conj           0%         1d3       34%         1
 Shock                    Conj/Air       0%         1d3       34%         1
 Blink                    Tloc           0%         N/A       47%         2
 Sublimation of Blood     Necr           0%         N/A       47%         2
 Dazzling Flash           Conj/Hex       0%         N/A       71%         3
 Inner Flame              Hex/Fire       0%         N/A       71%         3
 Mephitic Cloud           Conj/Pois/Air  0%         N/A       71%         3
 Swiftness                Air            0%         N/A       71%         3
 Airstrike                Air            0%         2d(0-16)  98%         4
 Flame Wave               Conj/Fire      0%         2d4       98%         4
 Manifold Assault         Tloc           0%         N/A       98%         4
 Petrify                  Tmut/Erth      0%         N/A       98%         4
 Sticky Flame             Conj/Fire      0%         2d3       98%         4
 Agony                    Necr           0%         N/A       100%        5
 Irradiate                Conj/Tmut      0%         3d11      100%        5
 Silence                  Hex/Air        0%         N/A       100%        5
 Orb of Destruction       Conj           0%         9d5       100%        7
 Storm Form               Tmut/Air       0%         N/A       100%        7
 Call Imp                 Summ           Unusable   N/A       N/A         2
 Summon Guardian Golem    Hex/Summ       Unusable   N/A       N/A         3
 Summon Ice Beast         Ice/Summ       Unusable   N/A       N/A         4
 Summon Mana Viper        Hex/Summ       Unusable   N/A       N/A         5
 Monstrous Menagerie      Summ           Unusable   N/A       N/A         7
 Spellforged Servitor     Conj/Summ      Unusable   N/A       N/A         7

Dungeon Overview and Level Annotations

Branches:
Dungeon (10/15)            Temple (1/1) D:7
   Lair: D:8-11         Orc: D:9-12

Altars:
Ashenzari
Cheibriados
Dithmenos
Fedhas
Gozag
Hepliaklqana
Kikubaaqudgha
Makhleb
Nemelex Xobeh
Okawaru
Qazlal
Ru
Sif Muna
Trog
Uskayaw
Vehumet
Wu Jian
Xom
Yredelemnul

Shops:
D:5 *   D:9 :


Innate Abilities, Weirdness & Mutations

You have large cloven feet.
Your demonic aura often causes spilled blood to erupt in flames.
When hurt, damage is shared between your health and your magic reserves.
You regenerate magic rapidly.
When low on magic, you restore magic in place of health.
You are frail. (-10% HP)
You have an increased reservoir of magic. (+10% MP)


Message History

The meliai is almost dead.
You closely miss the meliai. You hit the howler monkey.
The meliai hits you with a +0 hand axe. The meliai misses you.
The meliai hits you but does no damage.
The meliai stings you but does no damage.
The howler monkey closely misses you. The meliai barely misses you.
The meliai closely misses you.
The meliai mumbles some strange prayers to its god against you.
Something smites you!
The howler monkey hits you but does no damage.
You barely miss the meliai. Your kick misses the meliai.
The meliai is almost dead.
You barely miss the howler monkey. You slash the meliai!
The meliai closely misses you.
The meliai stings you but does no damage.
The meliai calls down the wrath of its god upon you.
Something smites you!
The meliai calls upon its god to heal the meliai.
The meliai is healed somewhat.
The meliai misses you. The meliai stings you.
The howler monkey barely misses you. The meliai hits you with a +0 hand axe!
* * * LOW HITPOINT WARNING * * *
The meliai closely misses you.
The meliai mumbles some strange prayers to its god against you.
Something smites you!
* * * LOW HITPOINT WARNING * * *
You slash the meliai! You kick the meliai, but do no damage.
The meliai is severely wounded.
You hit the meliai.
You kill the meliai!
Okawaru accepts your kill. Okawaru grants you throwing weapons!
Something appears at your feet!
You slice the howler monkey!!
You kill the howler monkey!
Okawaru accepts your kill.
You hit the meliai but do no damage. The meliai hits you with a +0 hand axe!
* * * LOW HITPOINT WARNING * * *
The meliai closely misses you.
The meliai invokes the aid of its god against you.
Something smites you!
You die...

...y.y.§..##..#.#........
##
....)Y)#[?>....∩......##.
...Y...[..#...#.#..#####
..######.....#...#......
Y #..o.............
##..Y......########
......Y...........#
###...☼)yy...#####?# .
......☼@....## ..
.....#..>....######...
.....................
............#....##.
...$.............#
...........#......#
#.....#...............
#..?....##########.###
......# ..


You could see 2 yaks, 2 meliai and an orc.

Vanquished Creatures
  2 two-headed ogres (D:10)
  Pikel (D:6)
  A kobold demonologist (D:8)
  A troll (D:10)
  A meliai (D:9)
  Prince Ribbit (D:8)
  5 yaks (D:8)
  A steam dragon (D:7)
  A water moccasin (D:7)
  An acid dragon (D:9)
  Duvessa (D:5)
  2 orc warriors
  2 sky beasts
  2 black bears
  6 ice beasts
  3 centaurs
  10 kobold brigands
  3 bullfrogs
  2 necrophages
  3 scorpions
  Dowan (D:5)
  3 wights (D:6)
  5 killer bees
  3 howler monkeys
  Crazy Yiuf (D:2)
  2 quasits (D:5)
  2 jellies
  3 orc priests
  2 hounds
  4 iguanas
  6 orc wizards
  8 adders
  3 shadow imps
  2 white imps
  6 ufetubi
  2 worms
  A dart slug (D:1)
  28 orcs
  7 ball pythons
  7 endoplasms
  3 giant cockroaches
  6 goblins
  2 hobgoblins
  20 kobolds
  2 quokkas (D:5)
  A bat (D:2)
  3 rats
182 creatures vanquished.

Vanquished Creatures (others)
  9 demonic plants (D:5)
9 creatures vanquished.

Grand Total: 191 creatures vanquished

Notes
Turn   | Place    | Note
-------+----------+-------------------------------------------
     0 | D:1      | Newt the Demonspawn Gladiator began the quest for the Orb.
     0 | D:1      | Reached XP level 1. HP: 16/16 MP: 1/1
    74 | D:1      | Reached skill level 1 in Stealth
   127 | D:1      | Found a faded altar of an unknown god.
   396 | D:1      | Gained mutation: You regenerate magic rapidly. [demonic
                  | ancestry]
   396 | D:1      | Reached XP level 2. HP: 22/22 MP: 2/2
  1148 | D:2      | Gained mutation: Your demonic aura sometimes causes spilled
                  | blood to erupt in flames. [demonic ancestry]
  1148 | D:2      | Reached XP level 3. HP: 29/29 MP: 3/3
  1569 | D:2      | Found a runed translucent door.
  1570 | D:2      | Noticed Crazy Yiuf
  1857 | D:2      | Killed Crazy Yiuf
  1858 | D:2      | Gained mutation: When hurt, damage is shared between your
                  | health and your magic reserves. [demonic ancestry]
  1858 | D:2      | Reached XP level 4. HP: 37/37 MP: 4/4
  2401 | D:3      | Noticed a scorpion
  2408 | D:3      | Killed a scorpion
  2409 | D:3      | Reached XP level 5. HP: 42/42 MP: 5/5
  2844 | D:4      | Gained mutation: When low on magic, you restore magic in
                  | place of health. [demonic ancestry]
  2844 | D:4      | Reached XP level 6. HP: 45/48 MP: 6/6
  2954 | D:4      | Found an ornate altar of the Wu Jian Council.
  3432 | D:4      | Identified the ring of Geputifi {rF+ MP+9 Int+3 Stlth+}
  3619 | D:5      | Entered Level 5 of the Dungeon
  3806 | D:5      | Reached XP level 7. HP: 54/54 MP: 7/7
  3862 | D:5      | Found Ujoite's General Store.
  3873 | D:5      | Bought a scroll of identify for 24 gold pieces
  3928 | D:5      | Reached skill level 5 in Throwing
  4170 | D:5      | Noticed Duvessa
  4170 | D:5      | Noticed Dowan
  4180 | D:5      | Killed Duvessa
  4181 | D:5      | Reached skill level 5 in Fighting
  4190 | D:5      | Killed Dowan
  4680 | D:6      | Noticed Pikel
  4699 | D:6      | Killed Pikel
  4700 | D:6      | Reached skill level 1 in Armour
  4700 | D:6      | Gained mutation: Your demonic aura often causes spilled
                  | blood to erupt in flames. [demonic ancestry]
  4700 | D:6      | Reached XP level 8. HP: 32/68 MP: 8/8
  4873 | D:6      | Identified the +0 leather armour of Peek-a-Boo {MP+9 Str+5}
  4994 | D:6      | Reached skill level 1 in Maces & Flails
  5216 | D:6      | Reached skill level 1 in Axes
  5321 | D:6      | Reached skill level 2 in Axes
  5564 | D:6      | Gained mutation: You have an increased reservoir of magic.
                  | (+10% MP) [potion of mutation]
  5564 | D:6      | Gained mutation: You are frail. (-10% HP) [potion of
                  | mutation]
  5766 | D:7      | Found a shadowy altar of Dithmenos.
  5782 | D:7      | Reached XP level 9. HP: 53/66 MP: 9/9
  5834 | D:7      | Reached skill level 3 in Axes
  6016 | D:7      | Found a staircase to the Ecumenical Temple.
  6093 | D:7      | Reached skill level 4 in Axes
  6161 | Temple   | Entered the Ecumenical Temple
  6168 | Temple   | Became a worshipper of Warmaster Okawaru
  6216 | D:7      | Found an opulent altar of Gozag.
  6217 | D:7      | Found a bloodstained altar of Trog.
  6220 | D:7      | Found a snail-covered altar of Cheibriados.
  6223 | D:7      | Found a hazy altar of Hepliaklqana.
  6224 | D:7      | Found a shimmering blue altar of Sif Muna.
  6637 | D:7      | Reached skill level 5 in Axes
  6927 | D:8      | Found a sparkling altar of Nemelex Xobeh.
  7017 | D:8      | Noticed a kobold demonologist
  7022 | D:8      | Reached skill level 6 in Axes
  7026 | D:8      | Noticed a rust devil
  7026 | D:8      | Reached * piety under Okawaru
  7028 | D:8      | Noticed a smoke demon
  7028 | D:8      | Killed a kobold demonologist
  7029 | D:8      | Reached skill level 7 in Axes
  7085 | D:8      | Reached ** piety under Okawaru
  7323 | D:8      | Reached skill level 8 in Axes
  7407 | D:8      | Gained mutation: You have large cloven feet. [demonic
                  | ancestry]
  7407 | D:8      | Reached XP level 10. HP: 68/72 MP: 11/11
  7539 | D:8      | Reached skill level 9 in Axes
  7576 | D:8      | Noticed Prince Ribbit
  7587 | D:8      | Killed Prince Ribbit
  7916 | D:9      | Reached *** piety under Okawaru
  8361 | D:9      | Found Dykh's Book Emporium.
  8456 | D:9      | Reached skill level 1 in Evocations
  8464 | D:10     | Entered Level 10 of the Dungeon
  8687 | D:10     | Noticed a two-headed ogre
  8693 | D:10     | Killed a two-headed ogre
  8701 | D:10     | Reached **** piety under Okawaru
  8729 | D:10     | Noticed a two-headed ogre
  8806 | D:10     | Killed a two-headed ogre
  8998 | D:9      | Received a gift from Okawaru
  8998 | D:9      | Killed from afar by a meliai

Illustrated notes

Levels and vault maps discovered:
D:1:      minmay_arrival_up_and_down, layout_basic,
          ebering_ecumenical_altar_petrified
D:2:      layout_loops_ring, kennysheep_generic_room_3, uniq_crazy_yiuf_cottage
D:3:      layout_basic
D:4:      layout_cave_pods, mainiacjoe_overflow_boulevard
D:5:      layout_basic, serial_demonic, serial_demonic_b, serial_demonic_e,
          serial_demonic_e, serial_demonic_g, serial_shops, shop, uniq_duvessa
D:6:      layout_gridville, uniq_pikel
D:7:      layout_loops_ring, minitemple, nicolae_overflow_hidden_temple,
          temple_green, chequers_serial_rivers_room_b
D:8:      layout_loops_corners, old_standard_altar, amcnicky_altar_gilded,
          special_room [special_room_kobold], nicolae_kite_square_tiling_tiny,
          uniq_prince_ribbit1
D:9:      layout_rooms, serial_shops, nicolae_shop_advertising_works
          [nicolae_subvault_shop_adworks], blue_anna_alchemist, uniq_psyche
D:10:     minmay_twisted_water, layout_basic, david_lair_generic, david_orc_4,
          grunt_ministairs_13, hangedman_feature_mirror
Temple:   nicolae_temple_no_exploring_needed

Skill      XL: |  1  2  3  4  5  6  7  8  9 10 |
---------------+-------------------------------+-----
Stealth        | 1 |  1.5
Fighting       | 3 4 8 |  8.0
Short Blades   | 4 |  4.0
Dodging        | 3 4 |  4.0
Throwing       | 4 5 |  5.3
Armour         | 1 2 |  2.0
Maces & Flails | 2 |  2.7
Axes           | 2 8 9 |  9.8
Evocations     | 6 |  6.0

Action                     |  1- 3 |  4- 6 |  7- 9 | 10-12 || total
---------------------------+-------+-------+-------+-------++-------
  Melee: Rapier            |    79 |   155 |   121 |       ||   355
         Punch             |       |     3 |     4 |       ||     7
         Whip              |       |       |    35 |       ||    35
         Battleaxe         |       |       |    79 |    76 ||   155
         Kick              |       |       |       |    23 ||    23
  Throw: Throwing net      |     3 |       |     2 |     1 ||     6
         Javelin           |       |     1 |     3 |       ||     4
         Dart              |       |       |     4 |     7 ||    11
         Boomerang         |       |       |       |     1 ||     1
  Evoke: Wand              |       |       |     6 |     3 ||     9
    Use: Scroll            |     8 |     6 |     2 |     3 ||    19
         Potion            |     1 |       |     1 |     2 ||     4
   Stab: Sleeping          |     3 |     6 |     8 |       ||    17
         Held in net/web   |     2 |       |     3 |     1 ||     6
         Distracted        |       |       |       |     1 ||     1
 Armour: Leather armour    |    16 |    73 |   141 |    37 ||   267
  Dodge: Dodged            |    59 |   126 |   244 |    78 ||   507

Table legend: (Time is in decaauts)
 A = Elapsed time spent in this place.
 B = Non-inter-level travel time spent in this place.
 C = Inter-level travel time spent in this place.
 D = Time resting spent in this place.
 E = Time spent auto-exploring this place.
 F = Levels seen in this place.
 G = Mean time per level.
                   A        B        C        D        E       F      G
               +--------+--------+--------+--------+--------+-----+--------+
         Total |   9036 |   8547 |    489 |   1225 |   6027 |  11 |  821.5 |
       Dungeon |   9022 |   8545 |    477 |   1225 |   6027 |  10 |  902.2 |
        Temple |     14 |      2 |     12 |      0 |      0 |   1 |   14.0 |
               +--------+--------+--------+--------+--------+-----+--------+

Top non-repeatable levels by time:
     D:8: 1402 daAuts
     D:6: 1059 daAuts
     D:5: 1058 daAuts
     D:7: 1021 daAuts
     D:2: 961 daAuts
     D:1: 931 daAuts
     D:3: 897 daAuts
     D:4: 833 daAuts
    D:10: 519 daAuts
     D:9: 336 daAuts
  Temple: 14 daAuts
